 Dungeon Crawl Stone Soup version 0.27.1 (webtiles) character file.

Game seed: 750995267282425067

597 ABBCCCDDDD the Skirmisher (level 7, -5/50 HPs)
             Began as an Octopode Chaos Knight on Sept 1, 2021.
             Was a Plaything of Xom.
             Slain by a lemure (8 damage)
             ... led by Pikel
             ... on level 4 of the Dungeon.
             The game lasted 00:09:29 (6788 turns).

ABBCCCDDDD the Skirmisher (Octopode Chaos Knight)   Turns: 6788, Time: 00:09:29

Health: -5/50      AC:  1    Str:  9    XL:     7   Next: 40%
Magic:  10/10      EV: 13    Int: 17    God:    Xom [....*.]
Gold:   159        SH:  4    Dex:  9    Spells: 5/10 levels left

rFire    + . .     SeeInvis .     - Unarmed
rCold    + + .     Faith    .   (no shield)
rNeg     . . .     Spirit   .   (helmet restricted)
rPois    +         Reflect  .   (no amulet)
rElec    +         Harm     .   k - ring of protection from cold
rCorr    +         Rampage  .   (no ring)
Will     .....     Rnd*Rage +   (no ring)
Stlth    ++........             (no ring)
HPRegen  0.16/turn              (no ring)
MPRegen  0.12/turn              (no ring)
                                (no ring)
                                (no ring)

@: mighty, brilliant, resistant, unable to read, cleaving, hasted, very quick
A: almost no armour, amphibious, 8 rings, camouflage 1, gelatinous body 1,
(nimble swimmer 1), tentacles, tentacle spike 1, large bone plates 1, berserk 1,
clumsy 1, sense surroundings 1, weak 1, inability to read while threatened,
noise suppression
a: Renounce Religion


You were on level 4 of the Dungeon.
You worshipped Xom.
You were a beloved toy of Xom.
You visited 1 branch of the dungeon, and saw 5 of its levels.
You also visited: Sewer.

You collected 159 gold pieces.

Inventory:

Missiles
 p - 8 poisoned darts (quivered)
 u - a curare-tipped dart
Jewellery
 k - a ring of protection from cold (left tentacle)
Wands
 g - a wand of flame (7)
 m - a wand of polymorph (9)
Scrolls
 b - 2 scrolls of identify {unknown}
 c - a scroll of enchant weapon
 d - a scroll of amnesia {unknown}
 e - a scroll of torment {unknown}
 f - 2 scrolls of teleportation {unknown}
 i - a scroll of acquirement {unknown}
 j - 2 scrolls of immolation {unknown}
 o - 3 scrolls of brand weapon {unknown}
 r - a scroll of enchant armour {unknown}
 v - a scroll of fog {unknown}
Potions
 a - 2 potions of brilliance
 h - a potion of resistance
 l - a potion of curing
 s - a potion of might
 w - a potion of lignification {unknown}


   Skills:
 + Level 5.4 Fighting
 - Level 2.4 Dodging
 + Level 5.3 Unarmed Combat
 - Level 2.0 Spellcasting
 + Level 3.2 Transmutations


You had 5 spell levels left.
You knew the following spells:

 Your Spells              Type           Power      Damage    Failure   Level
a - Blade Hands           Tmut           9%         N/A       82%         5

Your spell library contained the following spells:

 Spells                   Type           Power      Damage    Failure   Level
 Irradiate                Conj/Tmut      5%         3d15      95%         5
 Dragon Form              Tmut           9%         N/A       100%        7


Dungeon Overview and Level Annotations

Branches:
Dungeon (5/15)             Temple (0/1) D:5           Sewer (visited)

Altars:
Ru
Wu Jian
Xom
The Shining One

Annotations:
D:4 exclusion: ogre, Pikel
D:5 exclusion: water moccasin


Innate Abilities, Weirdness & Mutations

You cannot wear most types of armour.
You are amphibious.
You can wear up to eight rings at the same time.
Your skin changes colour to match your surroundings (Stealth+).
Your rubbery body absorbs attacks. (AC +1, EV +1)
((You are camouflaged near water. (Stealth+)))
You have tentacles for arms and can constrict up to eight enemies at once.
One of your tentacles bears a spike.
You are partially covered in large bone plates. (SH +4)
You tend to lose your temper in combat.
You are clumsy. (Dex -2)
You passively map a small area around you.
You are weak. (Str -2)
You sometimes lose the ability to read scrolls when taking damage.
You passively dampen the noise of your surroundings.


Message History

You feel protected.
Xom roars with laughter!
The lemure barely misses you.
A lemure comes into view.
It was a potion of curing.
You feel better.
You can read scrolls again.
The lemure shouts!
The lemure hits you.
Pikel hits you with a +1 whip of flaming.
You feel threatened and lose the ability to read scrolls!
You tentacle-slap Pikel but do no damage.
Your grab misses Pikel. You closely miss the lemure. The lemure hits you.
You block Pikel's attack.
You barely miss Pikel. You grab Pikel.
You pierce Pikel, but do no damage.
You tentacle-slap the lemure. You constrict Pikel. The lemure hits you.
Pikel hits you with a +1 whip of flaming!
* * * LOW HITPOINT WARNING * * *
Pikel burns you.
* * * LOW HITPOINT WARNING * * *
It was a potion of magic.
Magic courses through your body.
Xom roars with laughter!
You constrict Pikel. You block the lemure's attack. You block Pikel's attack.
Okay, then.
Casting: Blade Hands (potentially lethal; 78% risk of failure)
Confirm with . or Enter, or press ? or * to list all spells.
Okay, then.
It was a potion of haste.
You feel yourself speed up.
You constrict Pikel. The lemure misses you.
Pikel cracks his whip.
Pikel hits you with a +1 whip of flaming!
* * * LOW HITPOINT WARNING * * *
It was a potion of might.
You feel very mighty all of a sudden.
You constrict Pikel. The lemure misses you. Pikel barely misses you.
It was a potion of mutation.
You feel extremely strange.
Your magic regains its normal vibrancy.
You feel healthier.
You feel agile.
You feel a strange attunement to the structure of the dungeons.
You constrict Pikel, but do no damage. The lemure hits you!
You die...
Xom guffaws!

#.# #.# , * * #.# * ,
#.# * *** #.# ,, , #.# ,
* * #############.# , ,
..............##########
*
...............5@K555...
,
#.######################
* #.# #.# #.# ..# ..#
..# ..#


You could see Pikel and 4 lemures.

Levels and vault maps discovered:
D:1:      elethiomel_arrival_infinity_welcomes_careful_drivers, layout_rooms,
          basic_ecumenical_altar
D:2:      layout_basic, uniq_terence
D:3:      layout_loops_ring, mainiacjoe_overflow_brackets,
          mainiacjoe_overflow_alcove_4
D:4:      cheibrodos_greedy_goblins, layout_basic, ebering_ghost_disaster_area,
          uniq_ijyb, uniq_pikel
D:5:      layout_basic, lemuel_doored_altar,
          mainiacjoe_overflow_concentric_impassable,
          minmay_temple_entry_mini_moons, cheibrodos_sewer_entry_drain

Notes
Turn   | Place    | Note
-------+----------+-------------------------------------------
     0 | D:1      | ABBCCCDDDD the Octopode Chaos Knight began the quest for
                  | the Orb.
     0 | D:1      | Reached XP level 1. HP: 16/16 MP: 1/1
   234 | D:1      | XOM: silly message
   333 | D:1      | Found a faded altar of an unknown god.
   382 | D:1      | Reached XP level 2. HP: 21/21 MP: 2/2
   621 | D:1      | XOM is BORED!
   621 | D:1      | XOM: silly message
   742 | D:1      | XOM: silly message
   771 | D:2      | XOM is BORED!
   771 | D:2      | XOM: give mutations
   771 | D:2      | Gained mutation: You are frail. (-10% HP) [Xom's mischief]
   771 | D:2      | Gained mutation: You are clumsy. (Dex -2) [Xom's mischief]
   771 | D:2      | Gained mutation: You are very clumsy. (Dex -4) [Xom's
                  | mischief]
   771 | D:2      | Gained mutation: Your spells are a little easier to cast,
                  | but a little less powerful. [Xom's mischief]
   862 | D:2      | Reached skill level 1 in Spellcasting
   862 | D:2      | Reached XP level 3. HP: 10/23 MP: 4/4
  1123 | D:2      | XOM: summons 2 hostile demons
  1124 | D:2      | Noticed a neqoxec
  1126 | D:2      | Gained mutation: You tend to lose your temper in combat. [a
                  | neqoxec]
  1196 | D:1      | XOM: stat loss: -1 Int (11/15)
  1837 | D:2      | XOM: smoke on damage
  1837 | D:2      | Noticed Terence
  1852 | D:2      | Reached XP level 4. HP: 7/28 MP: 6/6
  1873 | D:2      | Noticed Terence
  1873 | D:2      | Terence changed into Terence the giant cockroach
  1873 | D:2      | XOM: polymorph Terence -> Terence the giant cockroach
  1891 | D:2      | HP: 1/29 [goblin (2)]
  1898 | D:2      | XOM: give mutation
  1898 | D:2      | Lost mutation: You are frail. (-10% HP) [Xom's mischief]
  1906 | D:2      | HP: 1/33 [Terence the giant cockroach (1)]
  1908 | D:2      | Killed Terence the giant cockroach
  2289 | D:1      | XOM: torment (18/33 hp)
  2294 | D:1      | XOM: draining
  2340 | D:1      | XOM: give mutations
  2340 | D:1      | Gained mutation: You sometimes lose the ability to read
                  | scrolls when taking damage. [Xom's mischief]
  2340 | D:1      | Gained mutation: You are partially covered in large bone
                  | plates. (SH +4) [Xom's mischief]
  2366 | D:2      | XOM: silly message
  2481 | D:2      | XOM: smoke on damage
  2918 | D:3      | Found a glowing golden altar of the Shining One.
  3520 | D:3      | Found a sacrificial altar of Ru.
  3527 | D:3      | XOM: 1-stop teleportation journey
  3939 | D:3      | XOM: 2-stop teleportation journey
  4411 | D:4      | Noticed an ogre
  4440 | D:4      | Reached XP level 5. HP: 31/34 MP: 8/8
  4449 | D:4      | Learned a level 5 spell: Blade Hands
  4591 | D:3      | XOM is BORED!
  4591 | D:3      | XOM: give mutations
  4591 | D:3      | Gained mutation: You are dopey. (Int -2) [Xom's mischief]
  4591 | D:3      | Lost mutation: You are dopey. (Int -2) [Xom's mischief]
  4591 | D:3      | Gained mutation: You passively dampen the noise of your
                  | surroundings. [Xom's mischief]
  4704 | D:4      | Reached skill level 1 in Transmutations
  4768 | D:4      | XOM: 4-stop teleportation journey
  5045 | D:4      | Noticed a lemure
  5047 | D:4      | Noticed Pikel
  5049 | D:5      | Entered Level 5 of the Dungeon
  5066 | D:5      | XOM: give mutations
  5066 | D:5      | Gained mutation: You are weak. (Str -2) [Xom's mischief]
  5066 | D:5      | Gained mutation: Your body sometimes deteriorates upon
                  | taking damage. [Xom's mischief]
  5126 | D:5      | Found a glowing drain.
  5156 | D:5      | Found a staircase to the Ecumenical Temple.
  5176 | D:5      | XOM: noise
  5180 | D:5      | Reached XP level 6. HP: 33/44 MP: 9/9
  5295 | Sewer    | Entered a sewer
  5441 | Sewer    | XOM: noise
  5459 | Sewer    | XOM: give mutation
  5459 | Sewer    | Gained mutation: One of your tentacles bears a spike.
                  | [Xom's mischief]
  5890 | Sewer    | Reached skill level 5 in Fighting
  5890 | Sewer    | Reached skill level 5 in Unarmed Combat
  5890 | Sewer    | Reached XP level 7. HP: 32/50 MP: 10/10
  6316 | D:5      | XOM: noise
  6405 | D:5      | XOM: swap monsters
  6436 | D:5      | XOM: scenery: 1 doors open
  6468 | D:5      | Found an ornate altar of the Wu Jian Council.
  6673 | D:5      | XOM: cleaving
  6682 | D:5      | XOM: confuse monster(s)
  6744 | D:5      | XOM: scenery: create altars
  6779 | D:4      | XOM: cleaving
  6788 | D:4      | Lost mutation: Your spells are a little easier to cast, but
                  | a little less powerful. [potion of mutation]
  6788 | D:4      | Lost mutation: Your body sometimes deteriorates upon taking
                  | damage. [potion of mutation]
  6788 | D:4      | Lost mutation: You are very clumsy. (Dex -4) [potion of
                  | mutation]
  6788 | D:4      | Gained mutation: You passively map a small area around you.
                  | [potion of mutation]
  6788 | D:4      | Slain by a lemure

Table legend: (Time is in decaauts)
 A = Elapsed time spent in this place.
 B = Non-inter-level travel time spent in this place.
 C = Inter-level travel time spent in this place.
 D = Time resting spent in this place.
 E = Time spent auto-exploring this place.
 F = Levels seen in this place.
 G = Mean time per level.
                   A        B        C        D        E       F      G
               +--------+--------+--------+--------+--------+-----+--------+
         Total |   6835 |   6723 |    112 |   2940 |   2715 |   6 | 1139.2 |
       Dungeon |   5867 |   5755 |    112 |   2471 |   2419 |   5 | 1173.4 |
         Sewer |    968 |    968 |      0 |    469 |    296 |   1 |  968.0 |
               +--------+--------+--------+--------+--------+-----+--------+

Top non-repeatable levels by time:
     D:3: 1606 daAuts
     D:1: 1485 daAuts
     D:2: 1410 daAuts
   Sewer: 968 daAuts
     D:5: 778 daAuts
     D:4: 586 daAuts

Table legend:
 A = Kills in this place as a percentage of kills in entire the game.
 B = Kills by you in this place as a percentage of kills by you in the entire game.
 C = Kills by friends in this place as a percentage of kills by friends in the entire game.
 D = Other kills in this place as a percentage of other kills in the entire game.
 E = Experience gained in this place as a percentage of experience gained in the entire game.
 F = Experience gained in this place divided by the number of levels of this place that you have seen.
                   A       B       C       D       E      F
               +-------+-------+-------+-------+-------+----------------------
         Total | 100.0 | 100.0 |   N/A |   N/A | 100.0 | 142.2
       Dungeon |  79.6 |  79.6 |   N/A |   N/A |  69.3 | 118.2
         Sewer |  20.4 |  20.4 |   N/A |   N/A |  30.7 | 262.0
               +-------+-------+-------+-------+-------+----------------------

Action                   |  1- 3 |  4- 6 |  7- 9 || total
-------------------------+-------+-------+-------++-------
Melee: Unarmed           |    66 |   205 |    50 ||   321
       Constrict         |    14 |    34 |    12 ||    60
       Tentacles         |     4 |    14 |     5 ||    23
       Punch             |       |     3 |     2 ||     5
       Kick              |       |     5 |    10 ||    15
Throw: Dart              |       |       |     8 ||     8
Evoke: Wand              |       |     4 |       ||     4
  Use: Potion            |       |     1 |     7 ||     8
       Scroll            |       |       |     1 ||     1
 Stab: Sleeping          |     2 |     6 |     1 ||     9
Armor: Skin              |    11 |     9 |     1 ||    21
Dodge: Dodged            |    66 |   101 |    30 ||   197
Block: Other             |       |    21 |     9 ||    30

Vanquished Creatures
  2 kobold brigands (Sewer)
  2 scorpions
  A water moccasin skeleton (D:5)
  An orc priest (D:5)
  An iguana (D:5)
  An orc wizard (D:5)
  A scorpion zombie (D:5)
  8 adders
  2 river rats (Sewer)
  An ufetubus (D:5)
  An adder skeleton (D:4)
  A worm (D:5)
  A dart slug (D:2)
  7 orcs
  7 ball pythons
  3 endoplasms
  4 giant cockroaches
  16 goblins
  4 hobgoblins
  2 jackals (D:4)
  3 quokkas
  7 bats
  4 frilled lizards
  10 kobolds
  3 rats
93 creatures vanquished.
